 Dungeon Crawl Stone Soup version 0.26-a0-712-ga5a9c9c9d0 (webtiles) character file.

Game seed: 15447556782464780645

35192 lorenzova the Eclecticist (level 13, -11/63 HPs)
             Began as a Deep Elf Conjurer on Nov 2, 2020.
             Was an Elder of Vehumet.
             Mangled by a boulder beetle (55 damage)
             ... on level 5 of the Lair of Beasts.
             The game lasted 00:46:19 (18387 turns).

lorenzova the Eclecticist (Deep Elf Conjurer)      Turns: 18387, Time: 00:46:19

Health: -11/63     AC:  9    Str:  4    XL:     13   Next: 46%
Magic:  1/35       EV: 11    Int: 29    God:    Vehumet [****..]
Gold:   883        SH:  0    Dex: 13    Spells: 16/45 levels left

rFire    + . .     SeeInvis .   x - staff of conjuration
rCold    + . .     Faith    .   (no shield)
rNeg     . . .     Spirit   .   D - +0 leather armour {rPois}
rPois    +         Reflect  .   (no helmet)
rElec    .         Harm     .   w - scarf {rC+ rF+}
rCorr    +         Rampage  .   t - +0 pair of gloves
MR       +....                  M - +0 pair of boots
Stlth    ++........             I - amulet of magic regeneration
HPRegen  0.20/turn              h - ring of resist corrosion
MPRegen  0.49/turn              l - +4 ring of protection

@: no status effects
A: no striking features
a: Renounce Religion


You were on level 5 of the Lair of Beasts.
You worshipped Vehumet.
Vehumet was greatly pleased with you.
You visited 3 branches of the dungeon, and saw 17 of its levels.
You also visited: Sewer and Ice Cave.

You collected 1268 gold pieces.
You spent 385 gold pieces at shops.

Inventory:

Hand Weapons
 e - a +1 scimitar of draining
Armour
 i - a +0 leather armour of cold resistance
 o - a +2 buckler
 t - a +0 pair of gloves (worn)
 u - a +0 cloak
 w - a scarf of resistance (worn)
 D - a +0 leather armour of poison resistance (worn)
 M - a +0 pair of boots (worn)
Magical Staves
 b - an uncursed staff of air
 x - an uncursed staff of conjuration (weapon)
 P - an uncursed staff of fire
Jewellery
 a - an uncursed ring of fire
 h - a ring of resist corrosion (left hand)
 l - a +4 ring of protection (right hand)
 F - an uncursed ring of protection from fire
 I - an amulet of magic regeneration (around neck)
Wands
 G - a wand of digging (9)
Scrolls
 d - 4 scrolls of blinking
 f - 10 scrolls of remove curse
 k - 6 scrolls of enchant armour
 m - 3 scrolls of teleportation {unknown}
 q - 2 scrolls of noise {unknown}
 s - 2 scrolls of holy word {unknown}
 y - a scroll of acquirement {unknown}
 z - 3 scrolls of enchant weapon
 B - 4 scrolls of fear
 H - 4 scrolls of amnesia {unknown}
 N - a scroll of immolation
 O - 4 scrolls of magic mapping {unknown}
 S - 2 scrolls of fog {unknown}
Potions
 c - 3 potions of brilliance
 g - a potion of berserk rage
 j - 3 potions of flight
 n - a potion of invisibility {unknown}
 p - 4 potions of magic {unknown}
 r - 2 potions of resistance
 v - 7 potions of curing
 A - 3 potions of might {unknown}
 C - 4 potions of heal wounds
 E - 3 potions of degeneration {unknown}
 J - a potion of stabbing {unknown}
 L - 2 potions of mutation {unknown}
 Q - 2 potions of ambrosia {unknown}
 T - a potion of cancellation {unknown}


   Skills:
 - Level 2.4 Dodging
 - Level 2.4 Stealth
 * Level 16.7 Spellcasting
 * Level 14.8 Conjurations
 - Level 9.0 Hexes
 - Level 6.0 Translocations
 * Level 11.1 Fire Magic


You had 16 spell levels left.
You knew the following spells:

 Your Spells              Type           Power        Failure   Level
a - Magic Dart            Conj           ####         0%          1
b - Iskenderun's Battles  Conj           ########     1%          5
c - Iskenderun's Mystic   Conj/Tloc      #######.     1%          4
d - Fulminant Prism       Conj/Hex       #######...   1%          4
e - Foxfire               Conj/Fire      ####         0%          1
f - Fireball              Conj/Fire      #######...   1%          5
s - Sticky Flame          Conj/Fire      #######.     1%          4
x - Conjure Flame         Conj/Fire      #######.     1%          3
z - Searing Ray           Conj           ######       0%          2

Your spell library contained the following spells:

 Spells                   Type           Power        Failure   Level
 Starburst                Conj/Fire      #######...   1%          6
 Apportation              Tloc           ######       1%          1
 Corona                   Hex            ######.      1%          1
 Shock                    Conj/Air       ####         1%          1
 Dazzling Flash           Conj/Hex       ######       1%          3
 Inner Flame              Hex/Fire       ######..     1%          3
 Bolt of Magma            Conj/Fire/Erth #######...   1%          5
 Animate Skeleton         Necr           ###...       3%          1
 Beastly Appendage        Tmut           ###...       3%          1
 Summon Small Mammal      Summ           ###.         3%          1
 Wereblood                Tmut           ###.....     4%          2
 Spider Form              Tmut/Pois      ###.......   10%         3
 Ice Form                 Ice/Tmut       ###.....     32%         4
 Blade Hands              Tmut           ###.......   67%         5


Dungeon Overview and Level Annotations

Branches:
Dungeon (10/15)            Temple (1/1) D:5            Lair (6/6) D:9
  Swamp (0/4) Lair:3        Snake (0/4) Lair:3          Orc (0/2) D:9
  Sewer (visited)           IceCv (visited)
  Slime: Lair:5-6

Altars:
Cheibriados
Elyvilon
Fedhas
Gozag
Hepliaklqana
Kikubaaqudgha
Okawaru
Qazlal
Ru
Sif Muna
Trog
Uskayaw
Vehumet
Xom
Yredelemnul
Zin
The Shining One

Shops:
D:6 (   D:8 =*   D:9 :

Annotations:
D:9 1 runed translucent door, Sassenached's ghost, novice PaWn


Message History

Casting: Iskenderun's Mystic Blast (safe; 1% risk of failure)
Confirm with . or Enter, or press ? or * to list all spells.
You don't have enough magic to cast that spell.
The boulder beetle bites you but does no damage.
You climb upwards.
Your battlesphere wavers and loses cohesion.
There is a stone staircase leading down here.
The boulder beetle curls into a ball and begins rolling!
Casting: Iskenderun's Mystic Blast (safe; 1% risk of failure)
Confirm with . or Enter, or press ? or * to list all spells.
You feel a surge of power!
You erupt in a blast of force!
The mystic blast hits the fungus!!
The fungus begins to die.
The fungus is lightly damaged.
The mystic blast hits the boulder beetle.
The boulder beetle is almost dead.
The boulder beetle is knocked back by the mystic blast.
Okay, then.
The boulder beetle hits you!!!
Ouch! That really hurt!
You die...

### ######## ###.## ###
#......###.##.# #####.##
#P...P........####.##...#
#.........P.....@.......#### ##
.............>.°B...#......# #.
...............#..#P#..#...#####.
............#.##..###.#..##...#..
...........######## #######...)..
P...........# ###......
###........P# #...##..#
#.#.......# ######...
###.........# ##..


You could see a boulder beetle.

Vanquished Creatures
  2 hydras
  A boulder beetle (Lair:4)
  A two-headed ogre (D:9)
  Pikel (D:4)
  6 oklob plants
  2 ugly things (IceCv)
  4 elephants (Lair:6)
  3 black mambas
  2 ice statues (IceCv)
  9 cane toads
  A rime drake (Lair:3)
  10 komodo dragons
  2 tyrant leeches (Lair:3)
  A polar bear (Lair:3)
  21 blink frogs
  6 dream sheep (Lair:4)
  A spriggan (Lair:3)
  4 wyverns
  24 yaks
  2 humans (D:7)
  2 basilisks
  3 wargs (D:9)
  Edmund (D:5)
  2 swamp worms (Lair:3)
  6 nagas (Lair:3)
  Duvessa (D:6)
  14 water moccasins
  7 black bears
  2 orc warriors
  3 sky beasts
  10 ice beasts
  A phantom (D:8)
  3 ogres
  4 centaurs
  15 wolves
  4 big kobolds (Sewer)
  20 bullfrogs
  A wyvern skeleton (D:10)
  2 scorpions
  Dowan (D:6)
  4 howler monkeys
  2 jellies
  A centaur zombie (D:5)
  5 hounds
  5 orc priests
  3 iguanas
  A bullfrog skeleton (D:7)
  A centaur skeleton (D:4)
  10 worker ants
  7 orc wizards
  3 hound skeletons
  2 worker ant zombies
  14 adders
  11 gnolls
  2 shadow imps (D:9)
  14 white imps
  4 ufetubi
  3 oozes
  An adder skeleton (D:5)
  2 adder zombies
  6 worms
  3 dart slugs
  4 leopard geckos
  39 orcs
  2 ball pythons
  10 giant cockroaches
  5 goblins
  8 hobgoblins
  7 jackals
  3 quokkas
  6 bats
  9 frilled lizards
  A jackal skeleton (D:5)
  21 kobolds
  A leopard gecko skeleton (D:5)
  A quokka zombie (D:6)
  11 rats
  A bush (Lair:5)
  3 butterflies (Lair:4)
441 creatures vanquished.

Vanquished Creatures (others)
  A bush (Lair:4)
  57 fulminant prisms
  23 fungi
  64 plants
145 creatures vanquished.

Grand Total: 586 creatures vanquished

Notes
Turn   | Place    | Note
-------+----------+-------------------------------------------
     0 | D:1      | lorenzova the Deep Elf Conjurer began the quest for the
                  | Orb.
     0 | D:1      | Reached XP level 1. HP: 10/10 MP: 6/6
   211 | D:1      | Reached XP level 2. HP: 15/15 MP: 4/8
   243 | D:1      | Learned a level 2 spell: Searing Ray
   854 | D:1      | Reached skill level 4 in Spellcasting
   951 | D:1      | Reached skill level 5 in Conjurations
   951 | D:1      | Reached XP level 3. HP: 19/19 MP: 6/10
  1720 | D:2      | Reached XP level 4. HP: 24/24 MP: 5/12
  1887 | D:2      | Reached skill level 5 in Spellcasting
  2331 | D:2      | Reached XP level 5. HP: 28/28 MP: 5/14
  3013 | D:3      | Reached skill level 6 in Spellcasting
  3952 | D:4      | Noticed Pikel
  3953 | D:4      | Noticed a lemure
  3953 | D:4      | Noticed a lemure
  3965 | D:4      | Killed Pikel
  3965 | D:4      | Reached skill level 8 in Spellcasting
  3965 | D:4      | Reached XP level 6. HP: 3/32 MP: 3/19
  3965 | D:4      | Reached XP level 7. HP: 3/36 MP: 3/20
  4340 | D:4      | Found an opulent altar of Gozag.
  4341 | D:4      | Found a sacrificial altar of Ru.
  4692 | D:5      | Entered Level 5 of the Dungeon
  4756 | D:5      | Found a glowing drain.
  4851 | Sewer    | Entered a sewer
  4931 | Sewer    | Reached skill level 9 in Spellcasting
  4931 | Sewer    | Reached XP level 8. HP: 41/41 MP: 17/23
  5612 | D:5      | Noticed Edmund
  5627 | D:5      | Killed Edmund
  5627 | D:5      | Reached skill level 10 in Spellcasting
  5685 | D:5      | Found a staircase to the Ecumenical Temple.
  5718 | D:5      | Found a white marble altar of Elyvilon.
  5724 | Temple   | Entered the Ecumenical Temple
  5775 | Temple   | Became a worshipper of Vehumet
  5908 | D:5      | Found a glowing golden altar of the Shining One.
  6081 | D:5      | Reached skill level 10 in Conjurations
  6318 | D:5      | Found a hazy altar of Hepliaklqana.
  6318 | D:5      | Found a shimmering altar of Xom.
  6322 | D:5      | Reached skill level 11 in Spellcasting
  6341 | D:5      | Found a snail-covered altar of Cheibriados.
  6341 | D:5      | Found a bloodstained altar of Trog.
  6341 | D:5      | Found a shimmering blue altar of Sif Muna.
  6369 | D:6      | Found Daerudwy's Antique Weapon Boutique.
  6430 | D:6      | Reached XP level 9. HP: 45/45 MP: 18/26
  6798 | D:6      | Noticed Dowan
  6810 | D:6      | Killed Dowan
  6825 | D:6      | Noticed Duvessa
  6916 | D:6      | Killed Duvessa
  7041 | D:6      | Reached * piety under Vehumet
  7041 | D:6      | Offered knowledge of Foxfire by Vehumet.
  7044 | D:6      | Learned a level 1 spell: Foxfire
  7049 | D:6      | Learned a level 4 spell: Iskenderun's Mystic Blast
  7054 | D:6      | Learned a level 4 spell: Fulminant Prism
  7271 | D:7      | Found a stormy altar of Qazlal.
  7479 | D:7      | Reached skill level 1 in Fire Magic
  7615 | D:7      | Reached skill level 1 in Hexes
  7630 | D:7      | Found an iron altar of Okawaru.
  7639 | D:7      | Reached skill level 12 in Spellcasting
  7639 | D:7      | Reached skill level 1 in Translocations
  7911 | D:7      | Found a snail-covered altar of Cheibriados.
  7949 | D:7      | Found a hide-covered altar of Uskayaw.
  7968 | D:7      | Found a basalt altar of Yredelemnul.
  7973 | D:7      | Found a snail-covered altar of Cheibriados.
  8322 | D:7      | Found a blossoming altar of Fedhas.
  8652 | D:8      | Found Wyijoyf's Jewellery Shop.
  9100 | D:8      | Found Ryqib's Serpentskin Sales.
  9110 | D:8      | Reached XP level 10. HP: 36/50 MP: 23/28
  9576 | D:9      | Noticed a two-headed ogre
  9594 | D:9      | Killed a two-headed ogre
  9709 | D:9      | Offered knowledge of Sandblast by Vehumet.
  9772 | D:9      | Found a runed translucent door.
  9772 | D:9      | Noticed Sassenached's ghost (novice PaWn)
  9854 | D:9      | Found Xeis's Book Emporium.
  9892 | D:9      | Bought a book of Flames for 385 gold pieces
  9899 | D:9      | Learned a level 5 spell: Fireball
  9904 | D:9      | Learned a level 4 spell: Sticky Flame
  9908 | D:9      | Learned a level 3 spell: Conjure Flame
 10136 | D:9      | Reached ** piety under Vehumet
 10139 | D:9      | Reached skill level 13 in Spellcasting
 10157 | D:9      | Reached skill level 5 in Fire Magic
 10188 | D:9      | Found a staircase to the Lair.
 10334 | D:9      | Found a staircase to the Orcish Mines.
 10460 | D:10     | Entered Level 10 of the Dungeon
 10501 | D:10     | Offered knowledge of Static Discharge by Vehumet.
 10946 | D:10     | Noticed a cyclops
 11015 | Lair:1   | Entered Level 1 of the Lair of Beasts
 11149 | Lair:1   | Reached skill level 5 in Hexes
 11149 | Lair:1   | Reached XP level 11. HP: 54/54 MP: 17/30
 11349 | Lair:1   | Reached *** piety under Vehumet
 11563 | Lair:1   | Reached skill level 14 in Spellcasting
 11710 | Lair:1   | Found a hazy altar of Hepliaklqana.
 12130 | Lair:1   | Noticed an oklob plant
 12143 | Lair:1   | HP: 2/54 [acid (10)]
 12144 | Lair:1   | Killed an oklob plant
 12561 | Lair:1   | Offered knowledge of Stone Arrow by Vehumet.
 13336 | Lair:2   | Reached skill level 5 in Translocations
 13389 | Lair:2   | Noticed an oklob plant
 13477 | Lair:2   | Found a frozen archway.
 13480 | Lair:2   | Noticed a seven-headed hydra
 13485 | Lair:2   | Killed a seven-headed hydra
 13538 | IceCv    | Entered an ice cave
 13538 | IceCv    | Noticed a white ugly thing
 13545 | IceCv    | Reached **** piety under Vehumet
 13546 | IceCv    | Killed a white ugly thing
 13711 | IceCv    | Found a transporter.
 13739 | IceCv    | Noticed a white ugly thing
 13749 | IceCv    | Killed a white ugly thing
 13756 | IceCv    | Found a transporter.
 14174 | Lair:2   | Reached XP level 12. HP: 59/59 MP: 27/32
 14205 | Lair:2   | Offered knowledge of Iskenderun's Battlesphere by Vehumet.
 14251 | Lair:2   | Learned a level 5 spell: Iskenderun's Battlesphere
 14927 | Lair:3   | Reached skill level 15 in Spellcasting
 15401 | Lair:3   | Found a staircase to the Swamp.
 15651 | Lair:3   | Reached ***** piety under Vehumet
 15658 | Lair:3   | Offered knowledge of Starburst by Vehumet.
 15857 | Lair:3   | Found a staircase to the Snake Pit.
 16363 | Lair:4   | Reached skill level 10 in Fire Magic
 16433 | Lair:4   | Noticed a boulder beetle
 16440 | Lair:4   | Killed a boulder beetle
 16441 | Lair:4   | Reached skill level 16 in Spellcasting
 16719 | Lair:4   | Reached XP level 13. HP: 63/63 MP: 35/35
 16845 | Lair:4   | Identified the Disquisition on Excruciating Fire
 18368 | Lair:6   | Entered Level 6 of the Lair of Beasts
 18387 | Lair:5   | Mangled by a boulder beetle

Illustrated notes

Levels and vault maps discovered:
D:1:      shiori_arrival_oz, layout_basic
D:2:      layout_basic
D:3:      layout_basic
D:4:      layout_cave_pools, chequers_temple_overflow_statue_of_worship,
          minmay_misc_feat_chi, uniq_pikel
D:5:      layout_cave_pools, doesnt_xom_only_xom,
          minmay_temple_entry_butterflies, gup_sewer_entry_glass, basic_altar,
          minmay_fractal_squares_5, uniq_edmund
D:6:      layout_loops_ring, serial_shops, nicolae_shop_stone, uniq_duvessa
D:7:      layout_loops_ring, grunt_temple_overflow_open, fedhas_altar_4,
          lemuel_crystal_altar, okawaru_humans, cheibriados_altar_1
D:8:      layout_cave_pods, serial_shops, nicolae_shop_behind_doors,
          serial_rivers, chequers_serial_rivers_micro_d,
          chequers_serial_rivers_micro_b, chequers_serial_rivers_micro_c,
          chequers_serial_rivers_micro_e, chequers_serial_rivers_micro_b,
          chequers_serial_rivers_marsh, guppyfry_shop_venom
D:9:      layout_basic, erik_lair_orcish_takeover, hiddenorc1_lemuel,
          serial_shops, shop, ebering_ghost_inner_flame
D:10:     layout_basic, uniq_nergalle
Temple:   nicolae_temple_figure_eight
Lair:1:   layout_small_grid, basic_altar, wad_woods_road_04
Lair:2:   layout_roguey, portal_ice_cave_entry_imps
Lair:3:   layout_long_grid, minmay_swamp_entry_worms,
          minmay_snake_entry_guardpost_medium, st_stairs_4, minivault_19,
          serial_bayou_pond_c, forest_entry_grove, lemuel_fruit_fields
Lair:4:   layout_concentric_octagons, lemuel_fruit_fields,
          minmay_lair_oklob_chamber
Lair:5:   layout_cave_pods
Lair:6:   grunt_lair_end_beastmaster, layout_gridlike, slime_altar_1,
          gammafunk_ghost_icy

Skill      XL: |  1  2  3  4  5  6  7  8  9 10 11 12 13 |
---------------+----------------------------------------+-----
Spellcasting   | 4 5 8 9 11 12 13 14 16 | 16.7
Conjurations   | 5 7 8 10 11 12 13 14 | 14.8
Fire Magic     | 3 6 8 10 11 | 11.1
Hexes          | 2 5 6 8 9 |  9.0
Translocations | 2 4 5 6 |  6.0
Dodging        | |  2.4
Stealth        | |  2.4

Action                   |  1- 3 |  4- 6 |  7- 9 | 10-12 | 13-15 || total
-------------------------+-------+-------+-------+-------+-------++-------
Melee: Staff             |       |       |       |     6 |       ||     6
 Cast: Magic Dart        |    73 |   104 |   152 |   135 |    28 ||   492
       Searing Ray       |     1 |    10 |    73 |    34 |       ||   118
       Fulminant Prism   |       |       |     1 |    53 |     3 ||    57
       Iskenderun's Myst |       |       |       |    37 |     7 ||    44
       Sticky Flame      |       |       |       |    23 |     1 ||    24
       Conjure Flame     |       |       |       |     2 |       ||     2
       Fireball          |       |       |       |    72 |    35 ||   107
       Iskenderun's Batt |       |       |       |    15 |     7 ||    22
  Use: Scroll            |       |     5 |     6 |     4 |       ||    15
       Potion            |       |       |       |     2 |       ||     2
Armor: Robe              |       |     4 |     8 |       |       ||    12
       Leather armour    |       |       |     8 |    22 |     1 ||    31
Dodge: Dodged            |     1 |     9 |    32 |    31 |     2 ||    75

Table legend: (Time is in decaauts)
 A = Elapsed time spent in this place.
 B = Non-inter-level travel time spent in this place.
 C = Inter-level travel time spent in this place.
 D = Time resting spent in this place.
 E = Time spent auto-exploring this place.
 F = Levels seen in this place.
 G = Mean time per level.
                   A        B        C        D        E       F      G
               +--------+--------+--------+--------+--------+-----+--------+
         Total |  18422 |  17633 |    789 |   6176 |   8922 |  19 |  969.6 |
       Dungeon |  10521 |  10078 |    443 |   3303 |   5513 |  10 | 1052.1 |
        Temple |     61 |     51 |     10 |      0 |     43 |   1 |   61.0 |
          Lair |   6877 |   6541 |    336 |   2428 |   3232 |   6 | 1146.2 |
         Sewer |    523 |    523 |      0 |    204 |    133 |   1 |  523.0 |
      Ice Cave |    438 |    438 |      0 |    241 |      0 |   1 |  438.0 |
               +--------+--------+--------+--------+--------+-----+--------+

Top non-repeatable levels by time:
  Lair:1: 2383 daAuts
  Lair:3: 1547 daAuts
     D:1: 1427 daAuts
     D:3: 1288 daAuts
     D:7: 1164 daAuts
     D:2: 1160 daAuts
     D:5: 1144 daAuts
     D:8: 1128 daAuts
  Lair:5: 1061 daAuts
     D:9: 1011 daAuts
  Lair:2: 977 daAuts
  Lair:4: 895 daAuts
     D:6: 883 daAuts
     D:4: 812 daAuts
   Sewer: 523 daAuts
